 Dungeon Crawl Stone Soup version 0.23.1 (webtiles) character file.

Game seed: 13735800510456170951

781 Borgoz the Sneak (level 7, 0/55 (56) HPs)
             Began as a Ghoul Enchanter on Mar 5, 2019.
             Was an Initiate of Ashenzari.
             Slain by a bullfrog (8 damage)
             ... on level 6 of the Dungeon.
             The game lasted 00:13:21 (6168 turns).

Borgoz the Sneak (Ghoul Enchanter)                  Turns: 6168, Time: 00:13:21

HP:   0/55 (56)     AC:  3    Str: 12    XL:     7   Next: 85%
MP:   9/10          EV: 13    Int: 14    God:    Ashenzari [......]
Gold: 212           SH:  0    Dex: 10    Spells: 4/11 levels left

rFire    . . .     SeeInvis .   a - +1 dagger
rCold    + . .     Gourm    .   (no shield)
rNeg     + + +     Faith    .   w - +0 robe
rPois    ∞         Spirit   .   r - +0 helmet
rElec    .         Reflect  .   (no cloak)
rCorr    .         Harm     .   (no gloves)
MR       .....                  (no boots)
Stlth    +++.......             (no amulet)
HPRegen  0.00/turn              s - +3 ring of intelligence
MPRegen  0.12/turn              (no ring)

@: rotting
A: rotting body, claws 1, carnivore, cold resistance 1, negative energy
resistance 3, inhibited regeneration, torment resistance, unbreathing
a: Curse Item, Renounce Religion


You were on level 6 of the Dungeon.
You worshipped Ashenzari.
Ashenzari was noncommittal.
You were not hungry.

You visited 2 branches of the dungeon, and saw 7 of its levels.

You collected 212 gold pieces.

Inventory:

Hand Weapons
 a - a +1 dagger (weapon)
 b - a +0 blowgun
Missiles
 e - 4 tomahawks
 j - a throwing net (quivered)
 n - 52 poisoned needles
 x - 7 curare-tipped needles
Armour
 r - a +0 helmet (worn)
 w - a +0 robe (worn)
Jewellery
 s - a +3 ring of intelligence (left claw)
Wands
 q - a wand of random effects (17)
 y - a wand of clouds (7)
Scrolls
 c - 2 scrolls of blinking
 f - 5 scrolls of remove curse
 h - 3 scrolls of enchant armour
 l - 4 scrolls of teleportation
 p - 2 scrolls of magic mapping
 t - a scroll of immolation {unknown}
 v - a scroll of random uselessness {unknown}
Potions
 g - 2 potions of curing
 i - 3 potions of invisibility
 k - 2 potions of brilliance
 m - a potion of haste
 o - a potion of magic
 u - 3 potions of mutation
 z - 2 potions of agility
 A - a potion of lignification
 B - a potion of experience {unknown}
Comestibles
 d - 7 rations


   Skills:
 + Level 2.7 Fighting
 * Level 3.8 Short Blades
 + Level 1.8 Armour
 + Level 3.2 Dodging
 + Level 4.9 Stealth
 + Level 2.7 Spellcasting
 * Level 3.9 Hexes


You had 4 spell levels left.
You knew the following spells:

 Your Spells              Type           Power        Failure   Level  Hunger
a - Corona                Hex            ##.....      4%          1    #......
b - Ensorcelled Hibernat  Hex/Ice        #.....       16%         2    ###....
c - Confuse               Hex            ##......     13%         3    ###....
d - Confusing Touch       Hex            ##....       4%          1    #......

Your spell library contained the following spells:

 Spells                   Type           Power        Failure   Level  Hunger
 Tukima's Dance           Hex            ##......     13%         3    ###....
 Dazzling Spray           Conj/Hex       #.....       30%         3    ###....
 Gell's Gravitas          Tloc           #.........   54%         3    ###....
 Petrify                  Tmut/Erth      #.......     91%         4    #####..
 Metabolic Englaciation   Hex/Ice        #.........   95%         5    ######.
 Yara's Violent Unravell  Hex/Tmut       #.........   95%         5    ######.


Dungeon Overview and Level Annotations

Branches:
Dungeon (6/15)             Temple (1/1) D:5

Altars:
Ashenzari
Cheibriados
Dithmenos
Elyvilon
Fedhas
Gozag
Hepliaklqana
Kikubaaqudgha
Makhleb
Nemelex Xobeh
Okawaru
Qazlal
Ru
Sif Muna
Uskayaw
Vehumet
Wu Jian
Xom
Yredelemnul
Zin
The Shining One


Innate Abilities, Weirdness & Mutations

Your body is rotting away.
You thrive on raw meat.
You are immune to poison.
You have sharp fingernails.
You are carnivorous and can eat meat at any time.
Your flesh is cold resistant. (rC+)
You are immune to negative energy. (rN+++)
You do not regenerate when monsters are visible.
You are immune to unholy pain and torment.
You can survive without breathing.


Message History

You hit the bullfrog.
The bullfrog is almost dead.
The bullfrog hits you but does no damage.
The bullfrog hits you.
* * * LOW HITPOINT WARNING * * *
Casting: Confusing Touch (safe; 4% risk of failure)
Confirm with . or Enter, or press ? or * to list all spells.
Your claws begin to glow red.
The bullfrog hits you.
* * * LOW HITPOINT WARNING * * *
You barely miss the bullfrog.
The bullfrog is almost dead.
The bullfrog hits you.
* * * LOW HITPOINT WARNING * * *
You hit the bullfrog but do no damage.
The bullfrog appears confused.
The bullfrog is almost dead.
The bullfrog closely misses you.
Found a stone staircase leading down.
The bullfrog hits you but does no damage.
The bullfrog hits you!
You die...

### ..# #.#
#.# #
#####.## ##.
#.. >.. ##...
#[# #F#
......#.# #@#
#......<###.#
###.#.......#
#########


You could see a bullfrog (confused).

Vanquished Creatures
  An ogre (D:5)
  A bullfrog (D:4)
  A scorpion (D:4)
  A howler monkey (D:5)
  A hound (D:4)
  An orc priest (D:4)
  Ijyb (D:5)
  An iguana (D:4)
  Terence (D:3)
  Natasha (thrice) (D:2)
  An orc wizard (D:5)
  A worker ant zombie (D:5)
  Robin (D:3)
  3 gnolls (D:4)
  A howler monkey skeleton (D:4)
  12 adders
  4 oozes
  2 adder skeletons (D:5)
  4 worms
  4 dart slugs
  2 leopard geckos
  4 orcs
  5 giant cockroaches
  11 hobgoblins
  6 jackals
  3 quokkas
  2 ball pythons (D:2)
  4 bats
  8 frilled lizards
  19 goblins
  A jackal zombie (D:5)
  7 kobolds
  A quokka zombie (D:5)
  7 rats
125 creatures vanquished.

Notes
Turn   | Place    | Note
-------+----------+-------------------------------------------
     0 | D:1      | Borgoz the Ghoul Enchanter began the quest for the Orb.
     0 | D:1      | Reached XP level 1. HP: 14/14 MP: 2/2
    10 | D:1      | Reached skill level 1 in Short Blades
    60 | D:1      | Reached XP level 2. HP: 16/20 MP: 3/3
    64 | D:1      | Learned a level 2 spell: Ensorcelled Hibernation
  1084 | D:2      | Reached XP level 3. HP: 22/26 MP: 1/4
  1400 | D:2      | Reached XP level 4. HP: 6/34 MP: 0/5
  2314 | D:3      | Noticed Natasha
  2323 | D:2      | Killed Natasha
  2323 | D:2      | Reached skill level 4 in Stealth
  2323 | D:2      | Reached XP level 5. HP: 38/38 MP: 3/7
  2343 | D:2      | Noticed Natasha
  2355 | D:2      | Killed Natasha
  2355 | D:2      | Reached skill level 1 in Fighting
  2412 | D:2      | Noticed Natasha
  2426 | D:2      | Killed Natasha
  2610 | D:3      | Noticed Robin
  2633 | D:3      | Killed Robin
  2697 | D:3      | Reached skill level 1 in Armour
  2722 | D:3      | Reached XP level 6. HP: 24/47 MP: 8/8
  2751 | D:3      | Found an iron altar of Okawaru.
  2886 | D:3      | Noticed Terence
  3187 | D:3      | Learned a level 3 spell: Confuse
  3189 | D:3      | Learned a level 1 spell: Confusing Touch
  3306 | D:3      | Killed Terence
  4081 | D:4      | Reached XP level 7. HP: 20/55 MP: 9/9
  4488 | D:5      | Entered Level 5 of the Dungeon
  4993 | D:5      | Found a staircase to the Ecumenical Temple.
  5059 | Temple   | Entered the Ecumenical Temple
  5229 | Temple   | Became a worshipper of Ashenzari the Shackled
  5778 | D:5      | Noticed Ijyb
  5822 | D:5      | Killed Ijyb
  6168 | D:6      | Slain by a bullfrog

Skill      XL: |  1  2  3  4  5  6 |
---------------+-------------------+-----
Short Blades   | 1 2 3 |  3.8
Dodging        | 2 3 |  3.2
Stealth        | 4 |  4.9
Spellcasting   | 2 |  2.7
Fighting       | 1 2 |  2.7
Hexes          | 3 |  3.9
Armour         | 1 |  1.8

Action                   |  1- 3 |  4- 6 |  7- 9 || total
-------------------------+-------+-------+-------++-------
Melee: Dagger            |   165 |   311 |   202 ||   678
Throw: Throwing net      |       |     1 |       ||     1
 Cast: Ensorcelled Hiber |     5 |    23 |     2 ||    30
       Corona            |       |     1 |       ||     1
       Confusing Touch   |       |    10 |    17 ||    27
Evoke: Wand              |       |     3 |       ||     3
  Use: Potion            |     2 |       |       ||     2
       Scroll            |       |     2 |    10 ||    12
 Stab: Sleeping          |     6 |    14 |     8 ||    28
       Confused          |       |    10 |     8 ||    18
  Eat: Chunk             |     4 |    22 |     5 ||    31
Armor: Robe              |    34 |    38 |    25 ||    97
Dodge: Dodged            |    93 |   189 |   100 ||   382
